 Dungeon Crawl Stone Soup version 0.19-a0-599-g723c685 (webtiles) character file.

136 Kilingo the Vexing (level 4, 0/33 HPs)
             Began as a Vampire Enchanter on June 10, 2016.
             Was an Initiate of Qazlal.
             Killed from afar by an orc wizard (6 damage)
             ... with a magic dart
             ... on level 3 of the Dungeon on June 11, 2016.
             The game lasted 00:51:52 (5034 turns).

Kilingo the Vexing (Vampire Enchanter)              Turns: 5034, Time: 00:51:52

Health: 0/33       AC:  4    Str:  8    XL:     4   Next: 98%
Magic:  1/7        EV: 12    Int: 17    God:    Qazlal [......]
Gold:   152        SH:  0    Dex: 14    Spells: 3 memorised, 1 level left

rFire  . . .     SeeInvis +     b - +0 short sword
rCold  + . .     Gourm    .     o - +1 robe
rNeg   + . .     Faith    .     (no shield)
rPois  .         Spirit   .     (no helmet)
rElec  .         Dismiss  .     s - +0 cloak
rCorr  .         Reflect  .     (no gloves)
SustAt .         Harm     .     (no boots)
MR     .....                    u - amulet of magic regeneration
Stlth  +++.......               (no ring)
                                g - ring of protection from cold

@: not resistant to hostile enchantments, fairly stealthy
A: fangs 3, see invisible, unbreathing
a: Bat Form, Renounce Religion


You were on level 3 of the Dungeon.
You worshipped Qazlal.
Qazlal was noncommittal.
You were not thirsty.

You visited 1 branch of the dungeon, and saw 3 of its levels.

You collected 152 gold pieces.

Inventory:

Hand Weapons
 a - a +1 dagger
 b - a +0 short sword (weapon)
Armour
 m - a +4 chain mail
 o - a +1 robe (worn)
 s - a +0 cloak (worn)
Jewellery
 g - a ring of protection from cold (left hand)
 u - an amulet of magic regeneration (around neck)
Wands
 x - a wand of slowing (24/48)
Scrolls
 f - a scroll of identify {unknown}
 h - a scroll of magic mapping {unknown}
 j - 3 scrolls of remove curse
 k - a scroll of enchant weapon {unknown}
 n - a scroll of teleportation {unknown}
 t - a scroll of fog {unknown}
 v - a scroll of blinking {unknown}
Potions
 d - 5 potions of blood
 e - a potion of beneficial mutation {unknown}
 i - a potion of heal wounds {unknown}
 l - 2 potions of degeneration {unknown}
 p - a potion of flight {unknown}
 q - a potion of brilliance {unknown}
 r - a potion of cure mutation {unknown}
 w - a potion of haste {unknown}
 z - a potion of agility {unknown}
Books
 c - a book of Maledictions

   Spells                             Type                      Level
   a - Corona                         Hexes                        1
   b - Ensorcelled Hibernation        Hexes/Ice                    2
   c - Confuse                        Hexes                        3
   d - Tukima's Dance                 Hexes                        3
   e - Dazzling Spray                 Conjuration/Hexes            3


   Skills:
 - Level 2.0 Fighting
 + Level 1.7 Short Blades
 - Level 2.1 Armour
 - Level 2.1 Dodging
 - Level 4.4 Stealth
 - Level 2.0 Spellcasting
 - Level 4.4 Hexes
 - Level 2.3 Ice Magic


You had one spell level left.
You knew the following spells:

 Your Spells              Type           Power        Failure   Level  Hunger
a - Corona                Hex            ###....      3%          1    #......
b - Ensorcelled Hibernat  Hex/Ice        ##....       10%         2    ###....
c - Tukima's Dance        Hex            ###.....     12%         3    ###....


Dungeon Overview and Level Annotations

Branches:
Dungeon (3/15)

Altars:
Qazlal
Ru
Vehumet

Annotations:
D:3 Shenda's ghost, amateur GrFi


Innate Abilities, Weirdness & Mutations

You have razor-sharp teeth.
You have supernaturally acute eyesight. (SInv)
You can survive without breathing.


Message History

Confirm with . or Enter, or press ? or * to list all spells.
You don't have enough magic to cast that spell.
Okay, then.
The orc wizard stops glowing.
The orc wizard points at you and mumbles some strange words.
The magic dart hits you!
* * * LOW HITPOINT WARNING * * *
Casting: Corona
Confirm with . or Enter, or press ? or * to list all spells.
Aiming: Ensorcelled Hibernation
Press: ? - help, Shift-Dir - straight line, f - orc, p - orc wizard
Aim: an orc, wielding a mace (heavily wounded, chance to defeat MR: 81%)
The orc wizard is unaffected.
The orc wizard hits you.
* * * LOW HITPOINT WARNING * * *
The orc wizard gestures at you while chanting.
The puff of frost hits you! You resist.
* * * LOW HITPOINT WARNING * * *
The orc wizard gestures at you while chanting.
The magic dart hits you!
You die...

#.#########..#..# #.#
#....#..####### .######.#
##.##.#.......>. ........#
#.............##
######..######..##.#..###...#
#.......#..##.#.........
##.####.#..##.##.###.... #.#
#.#......#.# ##.## #.#
#@#.###..#.# #.#
#.####.#.###..#.####.#
####.##.oo#.............#
#%....(............######
#.#####.########.### ### #.#
#.# #.# #.. #o# #.# #.# #..
#######(# #.# #.# ######.
!..oo...# #.# #.# #ยงยงยงยง#.


You could see an orc wizard (invisible) and an orc.

Vanquished Creatures
  Terence (D:3)
  3 adders
  3 oozes
  3 worms
  A dart slug (D:1)
  2 giant geckos (D:2)
  3 orcs (D:3)
  4 giant cockroaches
  5 goblins
  6 hobgoblins
  4 jackals (D:1)
  A quokka (D:2)
  A ball python (D:1)
  3 bats
  4 giant newts
  7 kobolds
  9 rats
60 creatures vanquished.

Notes
Turn   | Place    | Note
--------------------------------------------------------------
     0 | D:1      | Kilingo the Vampire Enchanter began the quest for the Orb.
     0 | D:1      | Reached XP level 1. HP: 13/13 MP: 3/3
   153 | D:1      | Reached skill level 1 in Fighting
   177 | D:1      | Reached XP level 2. HP: 12/21 MP: 0/5
  1573 | D:2      | Reached XP level 3. HP: 22/27 MP: 4/6
  1647 | D:2      | Learned a level 2 spell: Ensorcelled Hibernation
  2042 | D:2      | Reached skill level 1 in Ice Magic
  2295 | D:2      | Reached skill level 1 in Armour
  2314 | D:2      | Found a radiant altar of Vehumet.
  2971 | D:3      | Reached XP level 4. HP: 33/33 MP: 5/7
  3003 | D:3      | Found a sacrificial altar of Ru.
  3023 | D:3      | Upgraded the game from 0.19-a0-593-gf2cdb02 to 0.19-a0-599-g723c685
  3065 | D:3      | Noticed Shenda's ghost (amateur GrFi)
  4080 | D:3      | Noticed Terence
  4768 | D:3      | Killed Terence
  4777 | D:3      | Learned a level 3 spell: Tukima's Dance
  4782 | D:3      | Found a stormy altar of Qazlal.
  4792 | D:3      | Became a worshipper of Qazlal Stormbringer
  5034 | D:3      | Killed from afar by an orc wizard

Vault maps used:
D:1:      dpeg_arrival_solitude
D:2:      lemuel_coloured_pillars_altar, bh_chokoban
D:3:      nicolae_overflow_crystal_walls, nicolae_qazlal_eye_of_the_storm,
          first_bread, kennysheep_generic_room_12, uniq_terence

Skill      XL: |  1  2  3  4 |
---------------+-------------+-----
Fighting       | 1 2 |  2.0
Ice Magic      | 1 2 |  2.3
Armour         | 1 2 |  2.1
Short Blades   | |  1.7
Dodging        | |  2.1
Stealth        | |  4.4
Spellcasting   | |  2.0
Hexes          | |  4.4

Action                   |  1- 3 |  4- 6 || total
-------------------------+-------+-------++-------
Melee: Dagger            |   136 |    18 ||   154
       Bite              |    19 |     8 ||    27
       Short sword       |    42 |    76 ||   118
 Cast: Corona            |    53 |    28 ||    81
       Ensorcelled Hiber |    10 |    19 ||    29
       Tukima's Dance    |       |     1 ||     1
 Abil: End Transformatio |       |     1 ||     1
       Bat Form          |       |     1 ||     1
  Use: Potion            |    12 |     3 ||    15
       Scroll            |     1 |       ||     1
 Stab: Sleeping          |     6 |     5 ||    11
       Distracted        |     2 |       ||     2
Armor: Robe              |    39 |    12 ||    51
Dodge: Dodged            |   103 |    57 ||   160
